 Dungeon Crawl Stone Soup version 0.28-a0-883-gc8d7bad45d (webtiles) character file.

Game seed: 13763000975800893150

63 ders the Digger (level 4, 0/24 HPs)
             Began as a Gargoyle Earth Elementalist on Nov 21, 2021.
             Slain by Terence (8 damage)
             ... on level 2 of the Dungeon.
             The game lasted 00:03:02 (1803 turns).

ders the Digger (Gargoyle Earth Elementalist)       Turns: 1803, Time: 00:03:03

Health: 0/24       AC:  5    Str: 11    XL:     4   Next: 10%
Magic:  2/8        EV: 11    Int: 17    God:
Gold:   56         SH:  0    Dex: 10    Spells: 4/8 levels left

rFire   . . .      SeeInvis .   d - +2 dagger (speed)
rCold   . . .      Faith    .   (no shield)
rNeg    + . .      Spirit   .   b - +0 robe
rPois   ∞          Reflect  .   (no helmet)
rElec   +          Harm     .   (no cloak)
rCorr   .          Rampage  .   (no gloves)
Will    .....                   (no boots)
Stlth   ++........              (no amulet)
HPRegen 0.08/turn               (no ring)
MPRegen 0.11/turn               (no ring)

@: no status effects
A: sickness immunity, AC +3, negative energy resistance 1, electricity
resistance, torment resistance 1, petrification resistance
a: no special abilities


You were on level 2 of the Dungeon.
You visited 1 branch of the dungeon, and saw 2 of its levels.

You collected 105 gold pieces.
You spent 49 gold pieces at shops.

Inventory:

Hand Weapons
 d - a +2 dagger of speed (weapon)
 h - a +0 dagger
 i - a +2 short sword of venom
Missiles
 c - 96 stones
Armour
 b - a +0 robe (worn)
 k - a +0 buckler
Scrolls
 a - a scroll of amnesia {unknown}
Potions
 e - a potion of heal wounds {unknown}
 f - a potion of ambrosia {unknown}
 g - a potion of magic {unknown}
 j - a potion of curing {unknown}


   Skills:
 - Level 1.5 Dodging
 - Level 2.1 Stealth
 + Level 2.7 Spellcasting
 + Level 2.1 Conjurations
 - Level 0.7 Transmutations
 + Level 4.5 Earth Magic


You had 4 spell levels left.
You knew the following spells:

 Your Spells              Type           Power      Damage    Failure   Level
a - Sandblast             Erth           34%        2d9       2%          1
b - Stone Arrow           Conj/Erth      26%        3d8       14%         3

Your spell library contained the following spells:

 Spells                   Type           Power      Damage    Failure   Level
 Passwall                 Tmut/Erth      9%         N/A       10%         2
 Petrify                  Tmut/Erth      11%        N/A       52%         4


Dungeon Overview and Level Annotations

Branches:
Dungeon (2/15)

Altars:

Shops:
D:2 [

Annotations:
D:2 Terence


Innate Abilities, Weirdness & Mutations

You are immune to sickness and miasma.
Your stone body is resilient. (AC +3)
You are immune to poison.
You resist negative energy. (rN+)
You are resistant to electric shocks. (rElec)
You are resistant to unholy torment.
You are immune to petrification.


Message History

Press: ? - help, Shift-Dir - straight line, f/p - Terence
Aim: Terence, wielding a +0 flail and wearing a +0 scale mail (82% to hit)
The blast of sand hits Terence but does no damage.
Terence hits you with a +0 flail.
Unknown command.
Casting: Sandblast (safe; 2% risk of failure)
Confirm with . or Enter, or press ? or * to list all spells.
Aiming: Sandblast (safe; 2% risk of failure)
Press: ? - help, Shift-Dir - straight line, f/p - Terence
Aim: Terence, wielding a +0 flail and wearing a +0 scale mail (82% to hit)
The blast of sand hits Terence but does no damage.
Terence hits you with a +0 flail.
Unknown command.
Casting: Sandblast (safe; 2% risk of failure)
Confirm with . or Enter, or press ? or * to list all spells.
Aiming: Sandblast (safe; 2% risk of failure)
Press: ? - help, Shift-Dir - straight line, f/p - Terence
Aim: Terence, wielding a +0 flail and wearing a +0 scale mail (82% to hit)
The blast of sand hits Terence!
Terence is moderately wounded.
Terence hits you with a +0 flail.
Unknown command.
Casting: Sandblast (safe; 2% risk of failure)
Confirm with . or Enter, or press ? or * to list all spells.
Aiming: Sandblast (safe; 2% risk of failure)
Press: ? - help, Shift-Dir - straight line, f/p - Terence
Aim: Terence, wielding a +0 flail and wearing a +0 scale mail (moderately wounded, 82% to hit)
The blast of sand hits Terence but does no damage.
Terence is moderately wounded.
Terence hits you with a +0 flail.
Unknown command.
Casting: Sandblast (safe; 2% risk of failure)
Confirm with . or Enter, or press ? or * to list all spells.
Aiming: Sandblast (safe; 2% risk of failure)
Press: ? - help, Shift-Dir - straight line, f/p - Terence
Aim: Terence, wielding a +0 flail and wearing a +0 scale mail (moderately wounded, 82% to hit)
The blast of sand hits Terence but does no damage.
Terence is moderately wounded.
Terence hits you with a +0 flail!
You die...

####...####.
#......... #.########
###########'#.......
#............(#####.
#.............#..<#.
#.............#.....
#.............######
#..@................
#..@########'########
#...##..............+
#..............######
#..............# #
#..............# #
##.............# #
#.............# #
..######### #


You could see Terence.

Vanquished Creatures
  2 adders (D:2)
  3 dart slugs (D:1)
  2 ball pythons
  4 endoplasms
  4 goblins
  6 hobgoblins
  3 jackals (D:1)
  A quokka (D:1)
  2 frilled lizards
  6 kobolds (D:1)
  2 rats (D:1)
35 creatures vanquished.

Notes
Turn   | Place    | Note
-------+----------+-------------------------------------------
     0 | D:1      | ders the Gargoyle Earth Elementalist began the quest for
                  | the Orb.
     0 | D:1      | Reached XP level 1. HP: 10/10 MP: 3/3
   307 | D:1      | Reached XP level 2. HP: 15/15 MP: 3/5
   363 | D:1      | Reached skill level 1 in Conjurations
   412 | D:1      | Reached skill level 4 in Earth Magic
   637 | D:1      | Found a faded altar of an unknown god.
   817 | D:1      | Reached XP level 3. HP: 19/19 MP: 3/6
   821 | D:1      | Learned a level 3 spell: Stone Arrow
  1472 | D:2      | Reached XP level 4. HP: 24/24 MP: 5/8
  1562 | D:2      | Found Dafampem's Armour Shoppe.
  1593 | D:2      | Bought a +0 buckler for 49 gold pieces
  1796 | D:2      | Noticed Terence
  1803 | D:2      | Slain by Terence

Illustrated notes

Levels and vault maps discovered:
D:1:      dpeg_arrival_morbid_curiosity, layout_basic, basic_ecumenical_altar,
          minmay_ruptured
D:2:      layout_basic, serial_shops, shop_statue, uniq_terence

Skill      XL: |  1  2  3 |
---------------+----------+-----
Conjurations   | 1 2 |  2.1
Earth Magic    | 4 |  4.5
Dodging        | |  1.5
Stealth        | |  2.1
Spellcasting   | |  2.7
Transmutations | |  0.7

Action                   |  1- 3 |  4- 6 || total
-------------------------+-------+-------++-------
Melee: Unarmed           |     3 |       ||     3
       Dagger            |     1 |       ||     1
 Cast: Sandblast         |    46 |     9 ||    55
Armor: Robe              |     9 |       ||     9
Dodge: Dodged            |    18 |       ||    18

Table legend: (Time is in decaauts)
 A = Elapsed time spent in this place.
 B = Non-inter-level travel time spent in this place.
 C = Inter-level travel time spent in this place.
 D = Time resting spent in this place.
 E = Time spent auto-exploring this place.
 F = Levels seen in this place.
 G = Mean time per level.
                   A        B        C        D        E       F      G
               +--------+--------+--------+--------+--------+-----+--------+
         Total |   1802 |   1732 |     70 |    295 |   1207 |   2 |  901.0 |
       Dungeon |   1802 |   1732 |     70 |    295 |   1207 |   2 |  901.0 |
               +--------+--------+--------+--------+--------+-----+--------+

Top non-repeatable levels by time:
     D:1: 1333 daAuts
     D:2: 468 daAuts
